CLL
RENO SILVER SOX @ STOCKTON MARINERS
08/12/1982
 
TOP OF THE 1ST
Reno Silver Sox batting - Pitching for Stockton Mariners : RHP David Cone
Pitching: RHP David Cone
Batting: RHB Lemmie Miller 0-0: Ball
1-0: SINGLE (Groundball, 6M, EV 78.1 MPH) (infield hit)
Batting: RHB Rod Hobbs 0-0: Ball
1-0: Foul Ball, location: 2F
1-1: Foul Ball, location: 2F
1-2: Ball
2-2: SINGLE (Line Drive, 34, EV 101.3 MPH)
Lemmie Miller to second
Batting: LHB Victor Diaz 0-0: Called Strike
Lemmie Miller steals 3rd base
Rod Hobbs to second
0-1: Ball
1-1: Foul Ball, location: 2F
1-2: Ball
2-2: Fly out, F7 (Flyball, 7LS, EV 86.9 MPH)
Batting: LHB Mike Hocutt 0-0: Foul Ball, location: 2F
0-1: Called Strike
0-2: Strikes out looking
Batting: RHB Luis Cabanas 0-0: Ball
1-0: Called Strike
1-1: Foul Ball, location: 2F
1-2: Ground out U3 (Groundball, 34, EV 105.0 MPH)
Top of the 1st over - 0 runs, 2 hits, 0 errors, 2 left on base; Reno 0 - Stockton 0
BOTTOM OF THE 1ST
Stockton Mariners batting - Pitching for Reno Silver Sox : LHP John Bohnet
Pitching: LHP John Bohnet
Batting: LHB Ricky Nelson 0-0: Fly out, F9 (Flyball, 9LS, EV 92.5 MPH)
Batting: LHB David Lanning 0-0: Ball
1-0: SINGLE (Line Drive, 7LS, EV 107.5 MPH)
Batting: RHB Orlando Mercado 0-0: Ball
1-0: Foul Ball, location: 2F
1-1: Ball
2-1: Foul Ball, location: 2F
2-2: Reached on error, E5 (Groundball, 56, EV 80.6 MPH)
David Lanning to second
Batting: LHB David Cawthon 0-0: Ball
David Lanning is caught stealing 3rd base 2-5
Orlando Mercado to second
1-0: Called Strike
1-1: Ball
2-1: Ground out 4-3 (Groundball, 4M, EV 81.9 MPH)
Bottom of the 1st over - 0 runs, 1 hit, 1 error, 1 left on base; Reno 0 - Stockton 0
TOP OF THE 2ND
Reno Silver Sox batting - Pitching for Stockton Mariners : RHP David Cone
Batting: RHB Bill Crone 0-0: Called Strike
0-1: Ground out 4-3 (Groundball, 4, EV 102.5 MPH)
Batting: LHB Kevin Rigby 0-0: Fly out, F9 (Flyball, 89D, EV 86.9 MPH)
Batting: LHB Gregory Shirley 0-0: Called Strike
0-1: Called Strike
0-2: Ground out U3 (Groundball, 3, EV 75.6 MPH)
Top of the 2nd over - 0 runs, 0 hits, 0 errors, 0 left on base; Reno 0 - Stockton 0
BOTTOM OF THE 2ND
Stockton Mariners batting - Pitching for Reno Silver Sox : LHP John Bohnet
Batting: LHB Joe Perna 0-0: Ball
1-0: Foul Ball, location: 2F
1-1: Ball
2-1: Called Strike
2-2: SOLO HOME RUN (Flyball, 8LXD, EV 83.1 MPH), Distance : 453 ft
Batting: SHB Eddie Tanner 0-0: Called Strike
0-1: Ball
1-1: Foul Ball, location: 2F
1-2: Fly out, F9 (Flyball, 9, EV 95.6 MPH)
Batting: LHB Harold Perkins 0-0: Ball
1-0: Foul Ball, location: 2F
1-1: Ground out 4-3 (Groundball, 4, EV 106.3 MPH)
Batting: LHB Victor Gavidia 0-0: Ball
1-0: Ball
2-0: Called Strike
2-1: Foul Ball, location: 2F
2-2: Strikes out looking
Bottom of the 2nd over - 1 run, 1 hit, 0 errors, 0 left on base; Reno 0 - Stockton 1
TOP OF THE 3RD
Reno Silver Sox batting - Pitching for Stockton Mariners : RHP David Cone
Batting: LHB Andrew Timko 0-0: Ball
1-0: Ball
2-0: Ball
3-0: Base on Balls
Batting: RHB Lemmie Miller 0-0: Ball
1-0: Grounds into double play, 5-4-3 (Groundball, 56, EV 93.8 MPH)
Batting: RHB Rod Hobbs 0-0: Ground out 2-3 (Groundball, 15S, EV 72.5 MPH)
Top of the 3rd over - 0 runs, 0 hits, 0 errors, 0 left on base; Reno 0 - Stockton 1
BOTTOM OF THE 3RD
Stockton Mariners batting - Pitching for Reno Silver Sox : LHP John Bohnet
Batting: RHB Robert Silverman 0-0: Ball
1-0: Called Strike
1-1: Ball
2-1: Swinging Strike
2-2: Ball
3-2: Base on Balls
Batting: LHB Ricky Nelson 0-0: SINGLE (Line Drive, 89M, EV 103.8 MPH)
Robert Silverman to second
Batting: LHB David Lanning 0-0: Ball
1-0: Called Strike
1-1: Called Strike
1-2: Strikes out looking
Batting: RHB Orlando Mercado 0-0: Ball
1-0: Called Strike
Robert Silverman is caught stealing 3rd base 2-5
Ricky Nelson to second
1-1: Called Strike
1-2: Fly out, F9 (Flyball, 9, EV 95.0 MPH)
Bottom of the 3rd over - 0 runs, 1 hit, 0 errors, 1 left on base; Reno 0 - Stockton 1
TOP OF THE 4TH
Reno Silver Sox batting - Pitching for Stockton Mariners : RHP David Cone
Batting: LHB Victor Diaz 0-0: Called Strike
0-1: Ball
1-1: Ball
2-1: Foul Ball, location: 2F
2-2: Foul Ball, location: 2F
2-2: Ball
3-2: Base on Balls
Batting: LHB Mike Hocutt 0-0: Called Strike
0-1: Called Strike
0-2: Ball
1-2: Strikes out swinging
Batting: RHB Luis Cabanas 0-0: Ball
1-0: Called Strike
Victor Diaz is caught stealing 2nd base 2-4
1-1: Ground out 4-3 (Groundball, 4, EV 86.3 MPH)
Top of the 4th over - 0 runs, 0 hits, 0 errors, 0 left on base; Reno 0 - Stockton 1
BOTTOM OF THE 4TH
Stockton Mariners batting - Pitching for Reno Silver Sox : LHP John Bohnet
Batting: LHB David Cawthon 0-0: Ball
1-0: Ball
2-0: Foul Ball, location: 2F
2-1: DOUBLE (Line Drive, 89M, EV 104.4 MPH)
Batting: LHB Joe Perna 0-0: Ball
1-0: Swinging Strike
1-1: Swinging Strike
1-2: Strikes out swinging
Batting: SHB Eddie Tanner 0-0: DOUBLE (Line Drive, 8LD, EV 108.1 MPH)
David Cawthon scores
Batting: LHB Harold Perkins 0-0: Ball
1-0: Foul Ball, location: 2F
1-1: Swinging Strike
1-2: Ball
2-2: Strikes out swinging
Batting: LHB Victor Gavidia 0-0: Ground out U3 (Groundball, 3, EV 103.8 MPH)
Bottom of the 4th over - 1 run, 2 hits, 0 errors, 1 left on base; Reno 0 - Stockton 2
TOP OF THE 5TH
Reno Silver Sox batting - Pitching for Stockton Mariners : RHP David Cone
Batting: RHB Bill Crone 0-0: Foul Ball, location: 2F
0-1: Ball
1-1: Foul Ball, location: 2F
1-2: Foul Ball, location: 2F
1-2: Ball
2-2: Strikes out swinging
Batting: LHB Kevin Rigby 0-0: Ball
1-0: Called Strike
1-1: Ball
2-1: Ball
3-1: Swinging Strike
3-2: Fly out, F7 (Flyball, 7LS, EV 93.8 MPH)
Batting: LHB Gregory Shirley 0-0: Ball
1-0: Ball
2-0: Called Strike
2-1: Foul Ball, location: 2F
2-2: Ball
3-2: Strikes out swinging
Top of the 5th over - 0 runs, 0 hits, 0 errors, 0 left on base; Reno 0 - Stockton 2
BOTTOM OF THE 5TH
Stockton Mariners batting - Pitching for Reno Silver Sox : LHP John Bohnet
Batting: RHB Robert Silverman 0-0: Fly out, F8 (Flyball, 78D, EV 88.8 MPH)
Batting: LHB Ricky Nelson 0-0: Ball
1-0: Called Strike
1-1: Foul Ball, location: 2F
1-2: SINGLE (Groundball, 4MS, EV 61.3 MPH) (infield hit)
Batting: LHB David Lanning 0-0: Foul Ball, location: 2F
0-1: Called Strike
0-2: Ball
Ricky Nelson steals 2nd base
1-2: Ball
2-2: Ground out 4-3 (Groundball, 4, EV 105.0 MPH)
Ricky Nelson to third
Batting: RHB Orlando Mercado 0-0: Ball
1-0: Called Strike
1-1: Foul Ball, location: 2F
1-2: Ball
2-2: Fly out, F9 (Flyball, 89M, EV 77.5 MPH)
Bottom of the 5th over - 0 runs, 1 hit, 0 errors, 1 left on base; Reno 0 - Stockton 2
TOP OF THE 6TH
Reno Silver Sox batting - Pitching for Stockton Mariners : RHP David Cone
Batting: LHB Andrew Timko 0-0: Ground out 4-3 (Groundball, 13, EV 88.1 MPH)
Batting: RHB Lemmie Miller 0-0: Fly out, F2 (Popup, 2R, EV 94.4 MPH)
Batting: RHB Rod Hobbs 0-0: Ball
1-0: Ball
2-0: Foul Ball, location: 2F
2-1: Fly out, F9 (Flyball, 9, EV 76.9 MPH)
Top of the 6th over - 0 runs, 0 hits, 0 errors, 0 left on base; Reno 0 - Stockton 2
BOTTOM OF THE 6TH
Stockton Mariners batting - Pitching for Reno Silver Sox : LHP John Bohnet
Batting: LHB David Cawthon 0-0: Ball
1-0: Called Strike
1-1: SOLO HOME RUN (Flyball, 7D, EV 108.1 MPH), Distance : 388 ft
Batting: LHB Joe Perna 0-0: Ball
1-0: Fly out, F7 (Flyball, 7LS, EV 93.1 MPH)
Batting: SHB Eddie Tanner 0-0: Called Strike
0-1: Ball
1-1: Fly out, F8 (Flyball, 89D, EV 73.8 MPH)
Batting: LHB Harold Perkins 0-0: Ball
1-0: Called Strike
1-1: Ground out 1-3 (Groundball, 13, EV 66.9 MPH)
Bottom of the 6th over - 1 run, 1 hit, 0 errors, 0 left on base; Reno 0 - Stockton 3
TOP OF THE 7TH
Reno Silver Sox batting - Pitching for Stockton Mariners : RHP David Cone
Batting: LHB Victor Diaz 0-0: Foul Ball, location: 2F
0-1: Fly out, F8 (Flyball, 8LXD, EV 95.0 MPH)
Batting: LHB Mike Hocutt 0-0: Ball
1-0: Ball
2-0: Called Strike
2-1: Called Strike
2-2: Ball
3-2: Strikes out swinging
Batting: RHB Luis Cabanas 0-0: SINGLE (Line Drive, 34D, EV 101.9 MPH)
Batting: RHB Bill Crone 0-0: Foul Ball, location: 2F
0-1: Foul Ball, location: 2F
0-2: Fly out, F9 (Flyball, 89D, EV 88.8 MPH)
Top of the 7th over - 0 runs, 1 hit, 0 errors, 1 left on base; Reno 0 - Stockton 3
BOTTOM OF THE 7TH
Stockton Mariners batting - Pitching for Reno Silver Sox : LHP John Bohnet
Batting: LHB Victor Gavidia 0-0: Ground out 4-3 (Groundball, 4, EV 98.1 MPH)
Batting: RHB Robert Silverman 0-0: Ball
1-0: Swinging Strike
1-1: Swinging Strike
1-2: Foul Ball, location: 2F
1-2: Ball
2-2: Foul Ball, location: 2F
2-2: Fly out, F9 (Flyball, 9LD, EV 99.4 MPH)
Batting: LHB Ricky Nelson 0-0: Called Strike
0-1: Ground out 4-3 (Groundball, 4M, EV 98.1 MPH)
Bottom of the 7th over - 0 runs, 0 hits, 0 errors, 0 left on base; Reno 0 - Stockton 3
TOP OF THE 8TH
Reno Silver Sox batting - Pitching for Stockton Mariners : RHP David Cone
Batting: LHB Kevin Rigby 0-0: Ball
1-0: Swinging Strike
1-1: Ground out 4-3 (Groundball, 4S, EV 72.5 MPH)
Batting: LHB Gregory Shirley 0-0: Called Strike
0-1: Ball
1-1: Foul Ball, location: 2F
1-2: Ball
2-2: Ball
3-2: DOUBLE (Line Drive, 78XD, EV 105.0 MPH)
Batting: LHB Andrew Timko 0-0: Ball
1-0: Foul Ball, location: 2F
1-1: Foul Ball, location: 2F
1-2: Fly out, F7 (Flyball, 7LM, EV 98.1 MPH)
Runner from 2nd tags up, SAFE at 3rd with throw by LF
Batting: RHB Lemmie Miller 0-0: Ball
1-0: Foul Ball, location: 2F
1-1: Ball
2-1: Ball
3-1: Foul Ball, location: 2F
3-2: Foul Ball, location: 2F
3-2: Base on Balls
Batting: RHB Rod Hobbs 0-0: Ball
1-0: Called Strike
1-1: Ball
2-1: Foul Ball, location: 2F
2-2: Strikes out swinging
Top of the 8th over - 0 runs, 1 hit, 0 errors, 2 left on base; Reno 0 - Stockton 3
BOTTOM OF THE 8TH
Stockton Mariners batting - Pitching for Reno Silver Sox : LHP John Bohnet
Batting: LHB David Lanning 0-0: Ground out 3-1 (Groundball, 34, EV 91.3 MPH)
Batting: RHB Orlando Mercado 0-0: Swinging Strike
0-1: Foul Ball, location: 2F
0-2: Ball
1-2: Ball
2-2: DOUBLE (Groundball, 5L, EV 96.9 MPH)
Batting: LHB David Cawthon 0-0: Intentional Walk
Batting: LHB Joe Perna 0-0: Fly out, F8 (Flyball, 8RS, EV 81.9 MPH)
Batting: SHB Eddie Tanner 0-0: Called Strike
0-1: Ball
1-1: Ball
2-1: Ball
3-1: Base on Balls
Orlando Mercado to third
David Cawthon to second
Batting: LHB Harold Perkins 0-0: Foul Ball, location: 2F
0-1: Ball
1-1: Foul Ball, location: 2F
1-2: Fly out, F9 (Flyball, 9D, EV 99.4 MPH)
Bottom of the 8th over - 0 runs, 1 hit, 0 errors, 3 left on base; Reno 0 - Stockton 3
TOP OF THE 9TH
Reno Silver Sox batting - Pitching for Stockton Mariners : RHP David Cone
Now in RF: Marty Pevey
Batting: LHB Victor Diaz 0-0: Ball
1-0: Ball
2-0: Ball
3-0: Base on Balls
Batting: LHB Mike Hocutt 0-0: Ball
1-0: Foul Ball, location: 2F
1-1: Ball
2-1: Fly out, F7 (Line Drive, 7, EV 88.8 MPH)
Batting: RHB Luis Cabanas 0-0: Ball
1-0: Ball
2-0: Called Strike
2-1: Ball
3-1: Base on Balls
Victor Diaz to second
Batting: RHB Bill Crone 0-0: Called Strike
0-1: Swinging Strike
0-2: Ball
1-2: Foul Ball, location: 2F
1-2: SINGLE (Flyball, 8RS, EV 85.0 MPH)
Victor Diaz to third
Luis Cabanas to second
Batting: LHB Kevin Rigby 0-0: Swinging Strike
0-1: Ball
1-1: SINGLE (Line Drive, 9S, EV 95.0 MPH)
Victor Diaz scores
Luis Cabanas to third
Bill Crone to second
Pitching: LHP Robert Alsup
Pinch Hitting: RHB Eddie Brunson 0-0: Ball
1-0: Ball
2-0: Ball
3-0: Called Strike
3-1: Fly out, F9 (Line Drive, 9, EV 93.8 MPH)
Pinch Hitting: RHB Emilio Perez 0-0: Fielders Choice at 2nd, 5-4 (Groundball, 5, EV 103.1 MPH)
Top of the 9th over - 1 run, 2 hits, 0 errors, 3 left on base; Reno 1 - Stockton 3
Friday, August 21st, 2020 - OOTP Baseball 21.5 Build 76